AoeStats
← 一条固执的鱼

African Clearing

506463907Analyzed
3v3 RM · 18d ago on Sep 13, 2026· 43m 56s· 6 players
Game mode
Random Map
Map size
Normal (6 player)
Population
200
Speed
Normal
Resources
Standard
Victory
Conquest
Starting age
Dark Age
Ending age
Imperial Age
RankedLock teamsTeams togetherTeam positionsShared explorationLock speedFull tech treeHidden civsTurbo modeCheats
Victory
Defeat
🇨🇳 Goths · China
1235
+17
🇨🇳 Koreans · China
1214
+18
🇨🇳 Gurjaras · China
1202
+18
🇨🇭 Mongols · Switzerland
1343
-22
🇨🇭 Vietnamese · Switzerland
1213
-16
🇨🇭 Lithuanians · Switzerland
1187
-15
一条固执的鱼
7:54 Loom
12:16 Feudal Age
15:36 Fletching
19:25 Wheelbarrow
25:18 Castle Age
23:34 Double-Bit Axe
25:03 Stone Mining
25:03 Gold Mining
25:09 Horse Collar
27:24 Bow Saw
31:23 Hand Cart
31:03 Town Watch
38:09 Imperial Age
36:26 Heavy Plow
37:14 Stone Shaft Mining
37:15 Gold Shaft Mining
37:33 Bodkin Arrow
38:13 Elite War Wagon
40:31 Two-Man Saw
40:37 Chemistry
40:19 Bracer
40:49 Ballistics
42:17 Thumb Ring
809591945
3:46 Loom
11:42 Feudal Age
12:24 Town Watch
12:58 Double-Bit Axe
15:00 Forging
15:21 Scale Barding Armor
18:57 Bloodlines
21:02 Horse Collar
24:43 Castle Age
24:25 Gold Mining
24:26 Stone Mining
29:48 Husbandry
32:43 Chain Barding Armor
34:32 Wheelbarrow
35:36 Bow Saw
37:18 Iron Casting
41:03 Imperial Age
38:51 Hand Cart
41:20 Elite Shrivamsha Rider
42:37 Plate Barding Armor
43:47 Conscription
沉着 冷静
6:10 Loom
7:33 Loom
13:37 Feudal Age
17:32 Castle Age
15:21 Double-Bit Axe
15:39 Horse Collar
19:06 Bow Saw
23:12 Heavy Plow
24:32 Wheelbarrow
24:11 Town Watch
26:06 Gold Mining
27:20 Hand Cart
29:01 Stone Mining
32:24 Imperial Age
30:50 Scale Mail Armor
31:01 Forging
30:53 Squires
30:14 Pikeman
32:46 Chain Mail Armor
33:06 Iron Casting
32:39 Anarchy
33:20 Perfusion
32:41 Elite Huskarl
33:42 Conscription
34:31 Two-Man Saw
34:22 Crop Rotation
33:26 Halberdier
36:00 Blast Furnace
37:07 Coinage
36:48 Guilds
37:42 Fletching
38:54 Chemistry
38:15 Ballistics
41:01 Bodkin Arrow
41:06 Murder Holes
Zuff
10:53 Loom
13:51 Feudal Age
18:13 Castle Age
16:35 Double-Bit Axe
19:04 Bow Saw
29:10 Horse Collar
30:22 Crossbowman
31:17 Fletching
34:19 Wheelbarrow
35:03 Town Watch
35:35 Hand Cart
36:31 Bodkin Arrow
41:51 Gold Mining
43:05 Ballistics
46:50 Imperial Age
Damzleboss
6:44 Loom
13:48 Feudal Age
17:55 Castle Age
16:09 Double-Bit Axe
18:30 Wheelbarrow
19:26 Bloodlines
19:41 Forging
22:17 Town Watch
24:57 Horse Collar
28:54 Hand Cart
31:59 Scale Barding Armor
32:30 Iron Casting
34:55 Imperial Age
32:28 Husbandry
33:35 Pikeman
34:15 Squires
34:30 Heavy Plow
35:28 Cavalier
37:33 Loom
37:26 Man-at-Arms
39:19 Chemistry
40:32 Chain Barding Armor
41:26 Conscription
Shoggi
6:06 Loom
12:49 Feudal Age
13:34 Double-Bit Axe
38:00 Castle Age
36:19 Fletching
36:44 Horse Collar
37:25 Gold Mining
37:51 Bloodlines
38:35 Padded Archer Armor
40:47 Wheelbarrow
40:47 Bodkin Arrow
Connection lost

Rejoining the realm…

Still unreachable

The connection could not be restored.

Session expired

The server has moved on; the page needs a fresh start.